 Dungeon Crawl Stone Soup version 0.27-a0-385-g3208abaabc (webtiles) character file.

Game seed: 9141135539776558479

48 dickylongcocking the Conjurer (level 3, 0/20 HPs)
             Began as a Tengu Conjurer on Feb 19, 2021.
             Succumbed to an adder's poison
             ... on level 2 of the Dungeon.
             The game lasted 00:01:18 (1358 turns).

dickylongcocking the Conjurer (Tengu Conjurer)      Turns: 1358, Time: 00:01:19

Health: 0/20       AC:  3    Str:  8    XL:     3   Next: 72%
Magic:  4/7        EV: 11    Int: 18    God:
Gold:   29         SH:  0    Dex: 12    Spells: 2/6 levels left

rFire    . . .     SeeInvis .   c - +0 dagger (venom)
rCold    . . .     Faith    .   (no shield)
rNeg     . . .     Spirit   .   d - +0 leather armour
rPois    .         Reflect  .   (helmet restricted)
rElec    .         Harm     .   (no cloak)
rCorr    .         Rampage  .   (no gloves)
Will     .....                  (boots unavailable)
Stlth    ++........             (no amulet)
HPRegen  0.06/turn              (no ring)
MPRegen  0.10/turn              (no ring)

@: lethally poisoned (0 -> -7)
A: beak, talons 3
a: no special abilities


You were on level 2 of the Dungeon.
You visited 1 branch of the dungeon, and saw 2 of its levels.

You collected 29 gold pieces.

Inventory:

Hand Weapons
 b - a +0 dagger
 c - a +0 dagger of venom (weapon)
Armour
 a - a +0 robe
 d - a +0 leather armour (worn)
Scrolls
 g - a scroll of magic mapping {unknown}


   Skills:
 * Level 0.9 Fighting
 * Level 1.1 Short Blades
 * Level 0.8 Armour
 - Level 2.1 Dodging
 - Level 2.0 Stealth
 - Level 2.0 Spellcasting
 * Level 6.4 Conjurations


You had 2 spell levels left.
You knew the following spells:

 Your Spells              Type           Power        Failure   Level
a - Magic Dart            Conj           96%          1%          1
b - Dazzling Flash        Conj/Hex       26%          21%         3

Your spell library contained the following spells:

 Spells                   Type           Power        Failure   Level
 Searing Ray              Conj           48%          2%          2
 Fulminant Prism          Conj/Hex       6%           56%         4
 Iskenderun's Mystic Bla  Conj/Tloc      13%          56%         4


Dungeon Overview and Level Annotations

Branches:
Dungeon (2/15)

Altars:


Innate Abilities, Weirdness & Mutations

You have a beak for a mouth.
You have claws for feet.


Message History

You miss the adder. The jackal closely misses you. The adder bites you.
The jackal bites you but does no damage.
The jackal bites you.
Unknown command.
You are too injured to fight recklessly!
You are too injured to fight recklessly!
You hit the adder.
The adder is poisoned.
Your kick misses the adder.
The adder is moderately wounded.
The adder closely misses you. The jackal completely misses you. x2
The adder bites you but does no damage.
You are too injured to fight recklessly!
Unknown command.
You barely miss the adder. Your kick misses the adder.
The adder is heavily wounded.
The jackal is no longer blind.
The jackal bites you but does no damage.
The jackal barely misses you. The adder bites you.
* * * LOW HITPOINT WARNING * * *
You are lethally poisoned!
The adder poisons you! The jackal barely misses you.
Unknown command.
Unknown command.
You aren't carrying any potions.
Unknown command.
Unknown command.
You catch the helpless adder completely off-guard!
You puncture the adder!
You kill the adder!
* * * LOW HITPOINT WARNING * * *
You feel sick.
The jackal bites you but does no damage. x2
The jackal bites you.
* * * LOW HITPOINT WARNING * * *
Unknown command.
Unknown command.
You hit the jackal but do no damage. The jackal barely misses you. x2
The jackal misses you.
Unknown command.
You barely miss the jackal.
You die...

#..# ###..####
#......(# #
##.......###.#
#............#
####............
(...>..?h...#
#..)..@..#
#......h.#
#.######## #


You could see 2 jackals.

Vanquished Creatures
  2 adders
  A leopard gecko (D:1)
  4 bats (D:1)
  A giant cockroach (D:1)
  4 goblins
  3 hobgoblins (D:1)
  5 jackals (D:1)
  3 frilled lizards (D:1)
  A kobold (D:1)
  5 rats (D:1)
29 creatures vanquished.

Notes
Turn   | Place    | Note
-------+----------+-------------------------------------------
     0 | D:1      | dickylongcocking the Tengu Conjurer began the quest for the
                  | Orb.
     0 | D:1      | Reached XP level 1. HP: 10/10 MP: 4/4
   177 | D:1      | Reached XP level 2. HP: 15/15 MP: 3/6
   336 | D:1      | Reached skill level 6 in Conjurations
   824 | D:1      | Reached XP level 3. HP: 13/19 MP: 7/7
  1238 | D:1      | Reached skill level 1 in Short Blades
  1350 | D:1      | Learned a level 3 spell: Dazzling Flash
  1356 | D:2      | HP: 1/20 [jackal (1)]
  1358 | D:2      | Succumbed to an adder's poison

Illustrated notes

Levels and vault maps discovered:
D:1:      dpeg_arrival_shelter, layout_basic
D:2:      layout_loops_ring, uniq_crazy_yiuf_cottage

Skill      XL: |  1  2  3 |
---------------+----------+-----
Conjurations   | 6 |  6.4
Short Blades   | 1 |  1.1
Fighting       | |  0.9
Armour         | |  0.8
Dodging        | |  2.1
Stealth        | |  2.0
Spellcasting   | |  2.0

Action                   || total
-------------------------++-------
Melee: Unarmed           ||     7
       Kick              ||     8
       Dagger            ||    49
       Peck              ||     3
 Cast: Magic Dart        ||    19
       Dazzling Flash    ||     1
  Use: Potion            ||     2
 Stab: Sleeping          ||     1
       Invisible         ||     1
Armor: Leather armour    ||    10
       Robe              ||     3
Dodge: Dodged            ||    51

Table legend: (Time is in decaauts)
 A = Elapsed time spent in this place.
 B = Non-inter-level travel time spent in this place.
 C = Inter-level travel time spent in this place.
 D = Time resting spent in this place.
 E = Time spent auto-exploring this place.
 F = Levels seen in this place.
 G = Mean time per level.
                   A        B        C        D        E       F      G
               +--------+--------+--------+--------+--------+-----+--------+
         Total |   1356 |   1314 |     42 |    320 |    804 |   2 |  678.0 |
       Dungeon |   1356 |   1314 |     42 |    320 |    804 |   2 |  678.0 |
               +--------+--------+--------+--------+--------+-----+--------+

Top non-repeatable levels by time:
     D:1: 1341 daAuts
     D:2: 15 daAuts
